 Dungeon Crawl Stone Soup version 0.23.2 (webtiles) character file.

Game seed: 13835048559282306836

6129 Borgoz the Slicer (level 10, -5/56 HPs)
             Began as a Gargoyle Monk on Apr 5, 2019.
             Was a Priest of Ashenzari.
             Engulfed by an ice statue's freezing vapour (21 damage)
             ... in an ice cave.
             The game lasted 00:19:15 (8691 turns).

Borgoz the Slicer (Gargoyle Monk)                   Turns: 8691, Time: 00:19:16

Health: -5/56      AC: 20    Str: 15    XL:     10   Next: 89%
Magic:  10/10      EV: 17    Int: 11    God:    Ashenzari [***...]
Gold:   433        SH:  0    Dex: 15    Spells: 4/9 levels left

rFire    . . .     SeeInvis +   a - +2 dagger (flame)
rCold    . . .     Gourm    .   (no shield)
rNeg     + . .     Faith    .   t - +2 leather armour {MR+}
rPois    ∞         Spirit   .   p - +0 helmet
rElec    +         Reflect  .   (no cloak)
rCorr    .         Harm     .   (no gloves)
MR       +....                  e - +0 pair of boots
Stlth    +++.......             w - amulet of regeneration
HPRegen  0.58/turn              k - +5 ring of protection
MPRegen  0.12/turn              q - +4 ring of slaying

@: no status effects
A: negative energy resistance 1, electricity resistance, unbreathing,
petrification resistance, rot immunity, AC +7
a: Curse Item, Scrying, Renounce Religion


You were in an ice cave.
You worshipped Ashenzari.
Ashenzari was most pleased with you.
You were not hungry.

You visited 3 branches of the dungeon, and saw 12 of its levels.
You also visited: Ice Cave.

You collected 461 gold pieces.
You spent 28 gold pieces at shops.

Inventory:

Hand Weapons
 a - a +2 dagger of flaming (weapon)
 b - a +2 dagger of speed
 z - a cursed +1 rapier
Armour
 e - a +0 pair of boots (worn)
 p - a +0 helmet (worn)
 t - a +2 leather armour of magic resistance (worn)
Jewellery
 k - a +5 ring of protection (left hand)
 q - a +4 ring of slaying (right hand)
 v - a +3 ring of intelligence
 w - an amulet of regeneration (around neck)
 F - an uncursed amulet of the gourmand
Wands
 j - a wand of paralysis (12)
 s - a wand of clouds (4)
 E - a wand of enslavement (10)
 G - a wand of polymorph (7)
 H - a wand of scattershot (6)
Scrolls
 d - 3 scrolls of random uselessness
 m - a scroll of blinking
 n - 5 scrolls of remove curse
 o - 3 scrolls of amnesia
 r - 4 scrolls of magic mapping
 B - 3 scrolls of fog
 C - 2 scrolls of torment
Potions
 g - 2 potions of magic
 h - a potion of cancellation
 u - a potion of brilliance
 x - 3 potions of ambrosia
 A - a potion of resistance
 D - a potion of lignification
Comestibles
 c - 20 rations


   Skills:
 + Level 3.6 Fighting
 * Level 9.1 Short Blades
 * Level 7.3 Armour
 * Level 8.3 Dodging
 - Level 7.1 Stealth
 + Level 0.9 Hexes


You had 4 spell levels left.
You knew the following spells:

 Your Spells              Type           Power        Failure   Level  Hunger
a - Confuse               Hex            #.......     65%         3    ####...
b - Ensorcelled Hibernat  Hex/Ice        #.....       47%         2    ###....

Your spell library contained the following spells:

 Spells                   Type           Power        Failure   Level  Hunger
 Corona                   Hex            #......      28%         1    ##.....
 Magic Dart               Conj           #...         38%         1    ##.....
 Sandblast                Erth           #.....       38%         1    ##.....
 Blink                    Tloc           N/A          54%         2    ###....
 Passwall                 Tmut/Erth      #.......     54%         2    ###....
 Searing Ray              Conj           #.....       54%         2    ###....
 Shroud of Golubria       Chrm/Tloc      #.........   54%         2    ###....
 Tukima's Dance           Hex            #.......     65%         3    ####...
 Dazzling Spray           Conj/Hex       #.....       71%         3    ####...
 Gell's Gravitas          Tloc           #.........   77%         3    ####...
 Lesser Beckoning         Tloc           #.........   77%         3    ####...
 Stone Arrow              Conj/Erth      #.....       77%         3    ####...
 Teleport Other           Tloc           #.......     77%         3    ####...
 Fulminant Prism          Conj/Hex       #.........   98%         4    #####..
 Force Lance              Conj/Tloc      #.......     99%         4    #####..
 Iskenderun's Mystic Bla  Conj           #.......     99%         4    #####..
 Passage of Golubria      Tloc           N/A          99%         4    #####..
 Petrify                  Tmut/Erth      #.......     99%         4    #####..
 Lee's Rapid Deconstruct  Erth           #.........   100%        5    ######.


Dungeon Overview and Level Annotations

Branches:
Dungeon (8/15)             Temple (1/1) D:6            Lair (3/6) D:8
 Shoals (0/4) Lair:2
  Snake: Lair:2-4    Spider: Lair:2-4

Altars:
Ashenzari
Dithmenos
Elyvilon
Fedhas
Gozag
Hepliaklqana
Kikubaaqudgha
Makhleb
Nemelex Xobeh
Okawaru
Qazlal
Ru
Sif Muna
Trog
Uskayaw
Vehumet
Wu Jian
Xom
Yredelemnul
Zin
The Shining One

Shops:
D:4 *

Annotations:
IceCv exclusion: 2 ice statues


Innate Abilities, Weirdness & Mutations

You are resistant to torment.
Your stone body is resilient. (AC +7)
You are immune to poison.
You resist negative energy. (rN+)
You are resistant to electric shocks. (rElec)
You can survive without breathing.
You are immune to petrification.
You are immune to rotting.


Message History

You hit the ice statue but do no damage.
The ice statue is lightly damaged.
You hit the ice statue but do no damage.
The ice statue is lightly damaged.
The ice statue gestures.
You closely miss the ice beast. You hit the ice beast but do no damage.
The ice statue gestures.
The ice beast hits you but does no damage.
You hit the ice beast.
You melt the ice beast.
The ice beast is moderately wounded.
You hit the ice beast.
You melt the ice beast.
The ice beast is heavily wounded.
The ice statue gestures at you. The shard of ice hits you!!
The ice beast misses you.
Really walk into that cloud of freezing vapour?
You are engulfed in freezing vapours.
* * * LOW HITPOINT WARNING * * *
You are engulfed in freezing vapours.
You die...

#####* .....## *
,.......## ,
........## ........8#
####
.......Y########..##
......°4°##..##....##
,
......○Y°@..........#
+
..⌠...○°........∩∩..#
,
...........##.......#
.........######....##
, ........## ##..##
........8* #### ,
........# * , .....#
, ,


You could see an ice devil and 2 ice beasts.

Vanquished Creatures
  A two-headed ogre (D:8)
  Pikel (D:4)
  A merfolk siren (Lair:2)
  A spiny frog (Lair:2)
  3 ice devils (IceCv)
  2 hippogriffs
  Eustachio (D:6)
  3 water moccasins
  4 porcupines
  An ice beast (D:8)
  2 orc warriors
  A black bear (D:8)
  A necrophage (D:5)
  2 centaurs
  A crocodile (Lair:2)
  3 bullfrogs
  A water moccasin skeleton (D:5)
  A scorpion (D:8)
  A killer bee (Lair:3)
  5 wights (D:6)
  3 howler monkeys
  3 crimson imps
  A centaur zombie (D:6)
  A bullfrog zombie (D:5)
  5 hounds
  2 jellies
  An orc priest (D:4)
  2 centaur skeletons
  4 iguanas
  5 orc wizards
  5 worker ants
  A hound zombie (D:6)
  A hound skeleton (D:5)
  3 worker ant zombies
  Robin (D:3)
  A howler monkey skeleton (D:8)
  3 gnolls
  8 adders
  An ooze (D:4)
  An adder zombie (D:5)
  2 adder skeletons
  2 worms
  A dart slug (D:4)
  7 leopard geckos
  21 orcs
  6 bats
  10 giant cockroaches
  10 goblins
  12 hobgoblins
  13 jackals
  6 quokkas
  2 ball pythons (D:3)
  6 frilled lizards
  7 kobolds
  8 rats
  A spectral orc (D:2)
202 creatures vanquished.

Vanquished Creatures (others)
  A hungry ghost (D:4)
  A leopard gecko (D:4)
2 creatures vanquished.

Grand Total: 204 creatures vanquished

Notes
Turn   | Place    | Note
-------+----------+-------------------------------------------
     0 | D:1      | Borgoz the Gargoyle Monk began the quest for the Orb.
     0 | D:1      | Reached XP level 1. HP: 14/14 MP: 1/1
   232 | D:1      | Reached XP level 2. HP: 15/19 MP: 2/2
   266 | D:1      | Reached skill level 3 in Short Blades
   298 | D:1      | Reached skill level 1 in Armour
   480 | D:1      | Reached XP level 3. HP: 23/23 MP: 3/3
   882 | D:2      | Noticed Robin
  1033 | D:3      | Killed Robin
  1063 | D:2      | Reached XP level 4. HP: 24/28 MP: 4/4
  1221 | D:2      | Found a basalt altar of Yredelemnul.
  1570 | D:2      | You fall through a shaft!
  2241 | D:3      | Found a white marble altar of Elyvilon.
  2283 | D:3      | Found a radiant altar of Vehumet.
  2493 | D:3      | Found an ornate altar of the Wu Jian Council.
  2555 | D:4      | Reached XP level 5. HP: 29/32 MP: 5/5
  2592 | D:4      | Found an ancient bone altar of Kikubaaqudgha.
  3010 | D:4      | Found Dycahi's General Store.
  3036 | D:4      | Bought a scroll of identify for 28 gold pieces
  3085 | D:4      | Reached skill level 4 in Short Blades
  3085 | D:4      | Reached XP level 6. HP: 33/37 MP: 6/6
  3306 | D:4      | Noticed a slave
  3310 | D:4      | Noticed a slave
  3313 | D:4      | Noticed a slave
  3316 | D:4      | Noticed Pikel
  3320 | D:4      | Noticed a slave
  3359 | D:4      | Killed Pikel
  3359 | D:4      | Reached skill level 5 in Short Blades
  3359 | D:4      | Reached XP level 7. HP: 20/41 MP: 7/7
  3382 | D:4      | Reached XP level 8. HP: 17/46 MP: 8/8
  3577 | D:4      | Found a shattered altar of Ashenzari.
  3631 | D:4      | Became a worshipper of Ashenzari the Shackled
  3631 | D:4      | Reached * piety under Ashenzari
  3631 | D:4      | Reached ** piety under Ashenzari
  3975 | D:5      | Entered Level 5 of the Dungeon
  4052 | D:5      | Reached skill level 5 in Dodging
  4154 | D:5      | Reached skill level 5 in Stealth
  4507 | D:5      | Reached skill level 6 in Short Blades
  4863 | D:6      | Noticed Eustachio
  4890 | D:6      | Reached XP level 9. HP: 38/51 MP: 9/9
  4924 | D:6      | Killed Eustachio
  4924 | D:6      | Reached skill level 5 in Armour
  5211 | D:6      | Found a shimmering altar of Xom.
  5212 | D:6      | Found a shimmering altar of Xom.
  5267 | D:6      | Found a shimmering altar of Xom.
  5332 | D:6      | Reached skill level 7 in Short Blades
  5591 | D:6      | Found a staircase to the Ecumenical Temple.
  5605 | Temple   | Entered the Ecumenical Temple
  5906 | D:7      | Found an opulent altar of Gozag.
  5906 | D:7      | Found a shimmering altar of Xom.
  6834 | D:8      | Reached *** piety under Ashenzari
  6872 | D:8      | Learned a level 3 spell: Confuse
  6875 | D:8      | Learned a level 2 spell: Ensorcelled Hibernation
  6876 | D:8      | Noticed a two-headed ogre
  6900 | D:8      | Killed a two-headed ogre
  6900 | D:8      | Reached XP level 10. HP: 41/56 MP: 10/10
  6926 | D:8      | Reached skill level 8 in Short Blades
  6989 | D:8      | Found a staircase to the Lair.
  7000 | Lair:1   | Entered Level 1 of the Lair of Beasts
  7667 | Lair:2   | Noticed a spiny frog
  7687 | Lair:2   | Killed a spiny frog
  7747 | Lair:2   | Noticed a merfolk siren
  7790 | Lair:2   | Killed a merfolk siren
  7811 | Lair:2   | Found a staircase to the Shoals.
  8371 | Lair:3   | Found a frozen archway.
  8411 | IceCv    | Entered an ice cave
  8485 | IceCv    | Reached skill level 9 in Short Blades
  8643 | IceCv    | Noticed an ice statue
  8643 | IceCv    | Noticed an ice statue
  8691 | IceCv    | Engulfed by an ice statue's freezing vapour

Skill      XL: |  1  2  3  4  5  6  7  8  9 10 |
---------------+-------------------------------+-----
Short Blades   | 3 4 5 6 7 9 |  9.1
Armour         | 1 2 3 4 6 7 |  7.3
Dodging        | 3 4 5 7 8 |  8.3
Stealth        | 3 4 5 7 |  7.1
Fighting       | |  3.6
Hexes          | |  0.9

Action                   |  1- 3 |  4- 6 |  7- 9 | 10-12 || total
-------------------------+-------+-------+-------+-------++-------
Melee: Short sword       |   118 |       |       |       ||   118
       Dagger            |    27 |   276 |   464 |   331 ||  1098
  Use: Scroll            |       |     7 |     4 |    10 ||    21
       Potion            |       |       |     3 |     2 ||     5
 Stab: Sleeping          |     3 |       |    11 |     2 ||    16
       Distracted        |       |       |       |     1 ||     1
  Eat: Chunk             |     1 |     7 |    11 |     3 ||    22
       Ration            |       |       |       |     1 ||     1
Armor: Robe              |    25 |       |       |       ||    25
       Scale mail        |    42 |   110 |     2 |       ||   154
       Leather armour    |       |       |   110 |    57 ||   167
Dodge: Dodged            |    77 |   109 |   209 |    99 ||   494
